Map: Sequencer LE

Players

Zanster - Winner!

  • Race: Zerg Zerg
  • Spawn Location: 7:00

SouLeer (souL)

  • Race: Zerg Zerg
  • Spawn Location: 1:00

Event: WCS Valencia 2017

VOD

Have the link to the VOD?

Description

Time

  • Played on: July 13, 2017, 9:53 a.m.
  • Length: 12:49

All games in this series

Show
View Real Time Build Order
Export as new Build Order

Zanster Zerg - Winner!

Build Orders: Pool First, Muta Ling Bane 

Get SALT Encoding   

  12  0:00  Drone  
  13  0:12  Overlord  
  13  0:16  Drone  
  14  0:30  Drone  
  14  0:31  Drone  
  14  0:34  Drone  
  17  0:51  Drone  
  17  0:53  Extractor  
  17  0:54  Spawning Pool  
  17  0:56  Drone  
  18  1:15  Hatchery  
  17  1:22  Drone  
  17  1:23  Drone  
  19  1:40  Queen  
  19  1:43  Drone  
  22  1:53  Hatchery  
  21  1:57  Zergling x2  
  22  2:02  Overlord  
  22  2:19  Queen  
  22  2:21  Drone x3  
  27  2:28  Drone  
  28  2:32  Queen  
  30  2:40  Drone x2  
  32  2:49  Drone x4  
  36  2:53  Extractor x2  
  36  2:55  Drone  
  34  2:58  Overlord  
  34  3:02  Drone  
  35  3:07  Drone  
  35  3:12  Evolution Chamber  
  35  3:15  Evolution Chamber  
  35  3:16  Roach Warren  
  33  3:20  Drone x2  
  33  3:23  Drone  
  33  3:24  Drone  
  37  3:31  Drone x2  
  37  3:33  Drone  
  40  3:34  Drone  
  40  3:38  Overlord  
  40  3:41  Drone  
  42  3:42  Drone  
  42  3:45  Drone  
  42  3:47  Drone  
  45  3:49  Drone  
  45  3:51  Drone  
  45  3:53  Drone  
  45  3:54  Drone  
  49  3:56  Drone  
  49  3:58  Drone  
  49  4:00  Drone  
  49  4:02  Drone  
  53  4:03  Drone  
  53  4:05  Drone  
  53  4:08  Overlord  
  55  4:16  Zerg Ground Armor Level 1, Zerg Melee Weapons Level 1  
  55  4:17  Drone  
  55  4:19  Drone  
  55  4:20  Drone  
  55  4:24  Overlord  
  58  4:28  Drone x4  
  58  4:29  Drone  
  58  4:30  Drone  
  64  4:34  Extractor, Metabolic Boost  
  64  4:35  Extractor  
  64  4:36  Overlord  
  62  4:38  Drone  
  62  4:39  Drone  
  62  4:40  Drone  
  62  4:42  Drone  
  62  4:43  Drone  
  62  4:45  Extractor, Drone  
  68  4:46  Drone  
  68  4:47  Drone  
  68  4:50  Overlord  
  70  4:52  Drone  
  70  4:58  Zergling x8  
  74  5:02  Zergling x2  
  74  5:03  Zergling x4  
  77  5:08  Lair  
  77  5:10  Zergling x6  
  80  5:15  Zergling x6  
  80  5:16  Zergling x2  
  84  5:23  Overlord  
  84  5:24  Hatchery  
  84  5:25  Zergling x8  
  84  5:27  Zergling x2  
  88  5:32  Zergling x2  
  89  5:36  Overlord x2  
  89  5:38  Zergling x2  
  89  5:42  Zergling x10  
  95  5:52  Zergling x2  
  95  5:56  Overlord  
  96  6:00  Zergling x8  
  100  6:07  Zergling x2  
  100  6:08  Overseer, Zergling x10  
  106  6:11  Zerg Ground Armor Level 2, Zerg Melee Weapons Level 2  
  106  6:14  Unknown  
  106  6:16  Drone  
  107  6:21  Drone  
  107  6:24  Infestation Pit, Spire, Zergling x6  
  109  6:27  Zergling x4  
  109  6:30  Overlord  
  109  6:32  Hatchery  
  109  6:44  Overlord  
  109  6:49  Baneling Nest  
  108  6:55  Overseer  
  108  6:57  Zergling x8  
  108  6:58  Zergling x22  
  108  7:01  Hive  
  123  7:02  Overlord  
  123  7:05  Overlord  
  123  7:12  Zergling x12  
  123  7:14  Unknown  
  129  7:18  Overlord  
  129  7:29  Drone  
  130  7:30  Drone x7  
  130  7:31  Drone  
  130  7:32  Drone x2  
  130  7:36  Centrifical Hooks  
  140  7:41  Baneling x4  
  140  7:42  Baneling  
  140  7:45  Overlord  
  140  7:57  Queen  
  143  7:58  Drone x2  
  143  8:02  Unknown  
  144  8:10  Overlord  
  144  8:11  Mutalisk x6  
  144  8:12  Mutalisk x6  
  168  8:16  Zergling x10  
  173  8:27  Ultralisk Cavern  
  173  8:29  Zergling x16  
  173  8:30  Zergling x2  
  173  8:32  Extractor  
  173  8:33  Extractor, Zergling x6  
  182  8:37  Overlord  
  182  8:41  Baneling x12  
  181  8:44  Baneling x2  
  181  8:50  Overlord  
  181  8:53  Baneling  
  181  8:54  Baneling x3  
  180  8:57  Zergling x4  
  180  8:58  Zergling x14  
  180  9:00  Baneling x2  
  180  9:01  Baneling x3  
  180  9:02  Overlord  
  189  9:10  Overlord  
  180  9:23  Zergling x14  
  180  9:24  Zergling x18  
  160  9:31  Chitinous Plating  
  160  9:41  Zerg Ground Armor Level 3  
  160  9:44  Hatchery  
  159  9:46  Drone  
  159  9:47  Drone x5  
  159  9:48  Zergling x2  
  159  9:49  Zergling x8  
  168  10:03  Ultralisk x2  
  180  10:10  Adrenal Glands  
  172  10:21  Ultralisk  
  176  10:31  Ultralisk  
  182  10:39  Ultralisk  
  182  10:41  Zergling x16  
  182  10:42  Zergling x6  
  199  10:44  Zergling x2  
  199  10:48  Overseer  
  199  10:49  Overseer  
  200  10:50  Hatchery  
  199  11:01  Baneling x9  
  199  11:02  Baneling  
  199  11:03  Baneling x4  
  198  11:12  Spine Crawler  
  198  11:13  Extractor  
  198  11:14  Spine Crawler  
  174  11:30  Ultralisk x2  
  177  11:39  Zergling x24  
  194  11:40  Zergling x20  
  190  11:56  Ultralisk  
  190  11:57  Ultralisk  
  192  12:04  Ultralisk, Zergling x2  
  192  12:05  Zergling x4  
  197  12:19  Baneling x10  
  197  12:20  Baneling x3  
  197  12:22  Zergling x4  
  199  12:23  Zergling x2  
  199  12:30  Baneling x8  
Show
View Real Time Build Order
Export as new Build Order

SouLeer Zerg 

Build Orders: Hatch First 

Get SALT Encoding   

  12  0:01  Drone  
  13  0:12  Overlord  
  13  0:18  Drone  
  14  0:31  Drone x2  
  14  0:35  Drone  
  17  0:56  Hatchery  
  16  0:59  Drone  
  17  1:06  Drone  
  17  1:07  Drone  
  19  1:13  Extractor  
  18  1:24  Spawning Pool  
  17  1:26  Drone  
  17  1:31  Drone  
  20  1:40  Drone  
  20  1:50  Overlord  
  20  2:00  Drone  
  21  2:08  Drone  
  21  2:10  Queen  
  21  2:11  Queen  
  21  2:12  Drone  
  27  2:19  Metabolic Boost  
  27  2:21  Drone  
  28  2:24  Drone  
  29  2:34  Zergling x2  
  29  2:35  Zergling x2  
  31  2:45  Hatchery  
  31  2:49  Drone  
  31  2:52  Queen  
  31  2:56  Drone  
  34  3:00  Overlord  
  34  3:03  Drone  
  35  3:07  Drone  
  36  3:17  Overlord  
  36  3:19  Drone x4  
  40  3:24  Extractor  
  40  3:26  Drone  
  40  3:27  Drone x2  
  42  3:34  Roach Warren  
  41  3:36  Drone  
  41  3:39  Drone x2  
  41  3:40  Drone  
  45  3:44  Extractor, Drone  
  45  3:50  Drone  
  45  3:52  Evolution Chamber  
  45  3:53  Drone x2  
  47  3:56  Overlord  
  47  4:01  Drone  
  48  4:03  Drone x2  
  48  4:04  Drone  
  48  4:09  Drone  
  52  4:11  Lair  
  52  4:13  Drone  
  52  4:15  Drone  
  54  4:18  Overlord  
  54  4:22  Zerg Missile Weapons Level 1  
  54  4:25  Drone  
  54  4:27  Drone  
  54  4:29  Extractor, Drone  
  56  4:33  Drone x3  
  56  4:35  Overlord  
  56  4:37  Drone  
  60  4:38  Drone  
  60  4:40  Drone  
  60  4:43  Drone x2  
  66  4:45  Drone x2  
  66  4:52  Extractor, Drone  
  66  4:54  Drone x4  
  66  4:59  Overlord  
  70  5:02  Drone  
  70  5:05  Overlord  
  71  5:08  Overseer  
  71  5:09  Glial Reconstitution  
  71  5:17  Roach x2  
  71  5:19  Roach  
  71  5:21  Roach x2  
  79  5:23  Roach  
  79  5:25  Overlord  
  83  5:29  Roach  
  83  5:31  Roach x2  
  83  5:33  Roach  
  83  5:34  Overseer  
  91  5:36  Roach  
  91  5:39  Overlord  
  91  5:41  Hatchery  
  92  5:43  Roach x3  
  92  5:45  Roach  
  100  5:50  Roach x3  
  100  5:55  Hydralisk Den  
  105  5:59  Roach x4  
  113  6:06  Overlord x2  
  113  6:11  Overlord  
  113  6:12  Evolution Chamber x2  
  113  6:14  Overlord  
  113  6:18  Overlord  
  109  6:21  Roach x2  
  109  6:24  Roach  
  109  6:25  Roach, Overlord  
  117  6:28  Roach  
  117  6:30  Roach x2  
  117  6:32  Hydralisk  
  123  6:34  Hydralisk  
  123  6:38  Unknown  
  123  6:39  Roach x2  
  131  6:43  Hydralisk x2  
  131  6:46  Hydralisk  
  137  6:48  Hydralisk  
  137  6:50  Hydralisk  
  137  6:53  Hydralisk  
  141  6:56  Hydralisk  
  141  6:57  Hydralisk  
  141  7:00  Hydralisk  
  149  7:02  Hydralisk  
  149  7:05  Hydralisk  
  153  7:10  Hydralisk, Infestation Pit  
  154  7:17  Overlord x3  
  154  7:21  Muscular Augments  
  154  7:23  Overlord  
  154  7:29  Overlord  
  154  7:33  Overlord  
  154  7:35  Burrow, Hydralisk  
  154  7:36  Hydralisk  
  158  7:39  Roach  
  160  7:45  Roach x2  
  160  7:46  Roach x2  
  160  7:49  Pathogen Glands  
  168  7:51  Overseer  
  168  7:54  Roach x2  
  168  7:57  Roach  
  174  8:00  Overlord  
  174  8:03  Roach x2  
  174  8:05  Roach  
  180  8:08  Roach x2  
  180  8:10  Overlord  
  180  8:12  Roach  
  186  8:15  Overlord  
  186  8:17  Unknown  
  186  8:18  Unknown  
  186  8:22  Overlord  
  186  8:26  Infestor x2  
  190  8:31  Infestor  
  190  8:33  Overlord  
  192  8:42  Evolution Chamber  
  192  8:45  Roach x4  
  192  8:48  Spine Crawler  
  198  8:54  Roach  
  200  8:55  Evolution Chamber  
  200  8:58  Evolution Chamber  
  200  8:59  Overlord  
  200  9:00  Roach  
  196  9:18  Hydralisk x5  
  196  9:19  Hydralisk x2  
  196  9:22  Roach x6  
  196  9:23  Hydralisk  
  130  9:27  Hydralisk  
  110  9:32  Hydralisk  
  110  9:36  Hydralisk  
  110  9:37  Hydralisk  
  116  9:40  Hydralisk  
  116  9:44  Roach  
  120  9:48  Hydralisk  
  120  9:51  Hydralisk  
  124  9:57  Hydralisk x2  
  128  10:00  Roach  
  128  10:02  Roach  
  128  10:04  Roach  
  128  10:05  Queen  
  136  10:10  Roach x3  
  142  10:16  Roach x3  
  142  10:19  Roach  
  150  10:28  Roach x4  
  158  10:35  Spore Crawler  
  157  10:36  Spore Crawler  
  157  10:42  Unknown, Roach x3  
  162  10:43  Extractor, Unknown  
  162  10:49  Hatchery  
  161  10:58  Roach x2  
  161  10:59  Roach x3  
  171  11:06  Roach  
  171  11:09  Roach  
  175  11:16  Roach x3  
  165  11:20  Roach  
  165  11:22  Roach  
  161  11:31  Roach x2  
  159  11:38  Roach x2  
  153  11:46  Roach  
  131  12:03  Zergling x4  
  131  12:04  Zergling x6  
  136  12:10  Zergling x2  
  136  12:14  Zergling x2  
  136  12:15  Unknown x3  
  136  12:21  Zergling x2  
Tags
 
Add a new tag
Caveats
  • Supply blocks, unpowered buildings, or Contaminate may cause inaccurate times.
  • Supply counts are checked every 10 seconds.